 Dungeon Crawl Stone Soup version 0.21-a0-150-gc243083 (webtiles) character file.

33 FinalAngel the Insei (level 3, 0/26 HPs)
             Began as a Merfolk Transmuter on July 29, 2017.
             Slain by a shadow imp (3 damage)
             ... summoned by Natasha
             ... on level 1 of the Dungeon.
             The game lasted 00:04:45 (1264 turns).

FinalAngel the Insei (Merfolk Transmuter)           Turns: 1264, Time: 00:04:45

Health: 0/26       AC:  3    Str: 10    XL:     3   Next: 29%
Magic:  6/6        EV: 12    Int: 12    God:
Gold:   26         SH:  0    Dex: 15    Spells: 5/6 levels left

rFire    . . .     SeeInvis .     - Unarmed
rCold    . . .     Gourm    .   (no shield)
rNeg     . . .     Faith    .   e - +0 leather armour
rPois    +         Spirit   .   (no helmet)
rElec    .         Reflect  .   (no cloak)
rCorr    .         Harm     .   (no gloves)
MR       .....                  (no boots)
Stlth    +.........             (no amulet)
HPRegen  0.08/turn              g - ring of poison resistance {rPois, !d}
MPRegen  0.10/turn              (no ring)

@: appendage (expiring)
A: change form in water, swift swim, stealthy swim, horns 2
a: End Transformation


You were on level 1 of the Dungeon.
You were not hungry.
You had grown temporary horns.
You visited 1 branch of the dungeon, and saw 2 of its levels.

You collected 26 gold pieces.

Inventory:

Missiles
 a - 12 arrows
Armour
 b - a +0 robe
 e - a +0 leather armour (worn)
   (You found it on level 1 of the Dungeon)
Jewellery
 g - a ring of poison resistance (left hand) {rPois, !d}
   (You found it on level 1 of the Dungeon)
Books
 c - a book of Changes
 i - a book of Maledictions
   (You found it on level 2 of the Dungeon)
Comestibles
 d - a bread ration {@e1}
 f - 4 chunks of flesh {@w0}


   Skills:
 - Level 1.1 Fighting
 - Level 2.6 Dodging
 + Level 4.3 Unarmed Combat
 - Level 2.0 Spellcasting
 + Level 3.4 Transmutations


You had 5 spell levels left.
You knew the following spells:

 Your Spells              Type           Power        Failure   Level  Hunger
a - Beastly Appendage     Tmut           #.....       9%          1    ##.....


Dungeon Overview and Level Annotations

Branches:
Dungeon (2/15)

Altars:

Annotations:
D:1 Natasha


Innate Abilities, Weirdness & Mutations

You revert to your normal form in water.
You are very nimble and swift while swimming.
You are very stealthy in the water. (Stealth+)
You have a pair of horns on your head.


Message History

You kill the kobold!
No target in view!
No target in view!
No target in view!
Things that are here:
3 stones; a kobold corpse You butcher the kobold corpse.
Things that are here:
3 stones; 3 inedible chunks of flesh {@w0} You now have 26 gold pieces (gained 14).
You see here a leather armour.
A hobgoblin comes into view. It is wielding a club.
You regained 3 hp, and now have 24/26 hp.
A hobgoblin is nearby!
A hobgoblin is nearby!
A hobgoblin is nearby!
The hobgoblin shouts!
You grow a pair of large bovine horns.
The hobgoblin hits you with a club.
You take 3 damage, and have 21/26 hp.
You now have 5/6 mp.
You closely miss the hobgoblin. Your headbutt misses the hobgoblin.
The hobgoblin hits you but does no damage.
You barely miss the hobgoblin. Your headbutt misses the hobgoblin.
You barely miss the hobgoblin. The hobgoblin hits you with a club.
You take 2 damage, and have 19/26 hp.
You hit the hobgoblin. You headbutt the hobgoblin.
You kill the hobgoblin!
Your transformation is almost over.
Things that are here:
a club; a hobgoblin corpse You butcher the hobgoblin corpse.
f - 8 chunks of flesh {@w0} (gained 4)
Things that are here:
a club; a hobgoblin skeleton Done exploring.
MP restored: 6 Done exploring.
Done exploring.
(D) Dungeon
Where to? (? - help)
Your horns disappear.
There is a stone staircase leading down here.
You climb downwards.
A frilled lizard, a hobgoblin and Natasha come into view.
Found a metal-bound book, 12 arrows and 26 gold pieces.
Found an escape hatch in the floor.
There is a stone staircase leading up here.
You climb upwards.
There is a stone staircase leading down here.
You start resting.
Some of the chunks of flesh in your inventory have rotted away. x2
Health restored: 26 You climb downwards.
Level annotation: Natasha Natasha casts a spell at you.
The magic dart hits you!
There is a stone staircase leading up here.
You take 4 damage, and have 22/26 hp.
Unknown command.
You see here a book of Maledictions.
i - a book of Maledictions
There is a stone staircase leading up here.
The frilled lizard closely misses you. Natasha claws you.
You climb upwards.
There is a stone staircase leading down here.
You take 6 damage, and have 16/26 hp.
MASSIVE DAMAGE!!
You grow a pair of large bovine horns.
The frilled lizard closely misses you. Natasha claws you.
You take 3 damage, and have 13/26 hp.
You now have 5/6 mp.
You barely miss Natasha. The frilled lizard misses you.
Natasha stares at you and mumbles some strange words.
The magic dart hits you!
* * * LOW HITPOINT WARNING * * *
You take 8 damage, and have 5/26 hp.
MASSIVE DAMAGE!!
Your transformation is almost over.
It was a potion of magic.
Magic courses through your body. The frilled lizard closely misses you.
MP restored: 6
Okay, then.
Okay, then.
Okay, then.
You hit the frilled lizard. The frilled lizard bites you.
* * * LOW HITPOINT WARNING * * *
Natasha casts a spell.
You take 3 damage, and have 3/26 hp.
You closely miss the frilled lizard. You headbutt the frilled lizard.
You kill the frilled lizard!
You aren't carrying any potions.
Okay, then.
You closely miss the shadow imp. You hit the shadow imp.
You headbutt the shadow imp. The shadow imp gestures at you.
You barely resist.
You hit the shadow imp but do no damage.
Your headbutt misses the shadow imp. The shadow imp closely misses you.
You hit the shadow imp but do no damage.
You headbutt the shadow imp, but do no damage.
The shadow imp hits you.
You die...

#.# #.## #.####
##'########..#######.#..#
#.........#..........#..#
#...#####.#..#########(.## #...#
#.#..# #..#.
########...#####.#..# #..#.
................h.>.#########(.#.
##########.#####5##.#.......#..#[
#.# #@##.#.#####.#..#. #.#
#.##.#.#...#.#..#. #.#
#.##.#.#.#.#.#(.#. #.#
#.##.#...#.#.#..#. #.#
#.##.#.###.#.#..#. #.#
#.##.#.....#.#..#. ###### #.#
#.##.#######...... ....(# #.#
#.##.............. ####.## #.#
#.##############.#


You could see Natasha and a shadow imp.

Vanquished Creatures
  3 leopard geckos (D:1)
  3 giant cockroaches (D:1)
  4 goblins (D:1)
  4 hobgoblins (D:1)
  7 kobolds (D:1)
  2 bats (D:1)
  A frilled lizard (D:1)
  4 rats (D:1)
28 creatures vanquished.

Notes
Turn   | Place    | Note
-------+----------+-------------------------------------------
     0 | D:1      | FinalAngel the Merfolk Transmuter began the quest for the Orb.
     0 | D:1      | Reached XP level 1. HP: 15/15 MP: 3/3
   149 | D:1      | Reached skill level 3 in Transmutations
   149 | D:1      | Reached XP level 2. HP: 17/21 MP: 5/5
   394 | D:1      | Reached skill level 4 in Unarmed Combat
   823 | D:1      | Reached XP level 3. HP: 26/26 MP: 4/6
  1180 | D:2      | Noticed Natasha
  1254 | D:1      | HP: 5/26 [Natasha/magic dart (8)]
  1259 | D:1      | HP: 3/26 [frilled lizard (3)]
  1264 | D:1      | Slain by a shadow imp

Vault maps used:
D:1:      scummos_arrival_simple_fountains
D:2:      uniq_natasha

Skill      XL: |  1  2 |
---------------+-------+-----
Transmutations | 3 |  3.4
Unarmed Combat | 4 |  4.3
Fighting       | |  1.1
Dodging        | |  2.6
Spellcasting   | |  2.0

Action                   || total
-------------------------++-------
Melee: Unarmed           ||    92
       Headbutt          ||     8
       Punch             ||     3
 Cast: Beastly Appendage ||     9
  Use: Scroll            ||     1
       Potion            ||     1
 Stab: Sleeping          ||     3
  Eat: Chunk             ||     1
Armor: Robe              ||     7
       Leather armour    ||     3
Dodge: Dodged            ||    58

Vault maps used:
D:1:      scummos_arrival_simple_fountains
D:2:      uniq_natasha

Table legend:
 A = Turns spent in this place as a percentage of turns spent in the entire game.
 B = Non-inter-level travel turns spent in this place as a percentage of non-inter-level travel turns spent in the entire game.
 C = Inter-level travel turns spent in this place as a percentage of turns spent in this place.
 D = Turns resting spent in this place as a percentage of non-inter-level travel turns spent in this place.
 E = Turns spent auto-exploring this place as a percentage of non-inter-level travel turns spent in this place.
 F = Non-inter-level travel turns spent in this place divided by the number of levels of this place that you've seen.
                   A       B       C       D       E      F
               +-------+-------+-------+-------+-------+----------------------
         Total | 100.0 | 100.0 |   0.3 |   0.6 |   8.7 | 178.5
       Dungeon | 100.0 | 100.0 |   0.3 |   0.6 |   8.7 | 178.5
               +-------+-------+-------+-------+-------+----------------------

Table legend:
 A = Kills in this place as a percentage of kills in entire the game.
 B = Kills by you in this place as a percentage of kills by you in the entire game.
 C = Kills by friends in this place as a percentage of kills by friends in the entire game.
 D = Other kills in this place as a percentage of other kills in the entire game.
 E = Experience gained in this place as a percentage of experience gained in the entire game.
 F = Experience gained in this place divided by the number of levels of this place that you have seen.
                   A       B       C       D       E      F
               +-------+-------+-------+-------+-------+----------------------
         Total | 100.0 | 100.0 |  -nan |  -nan | 100.0 |  24.0
       Dungeon | 100.0 | 100.0 |  -nan |  -nan | 100.0 |  24.0
               +-------+-------+-------+-------+-------+----------------------
